 Dungeon Crawl Stone Soup version 0.20.1-1-g8b1a95d (webtiles) character file.

65 equalderp2856 the Magician (level 3, 0/25 HPs)
             Began as a Mummy Wizard on Oct 23, 2017.
             Slain by an adder (3 damage)
             ... on level 2 of the Dungeon.
             The game lasted 00:04:22 (2195 turns).

equalderp2856 the Magician (Mummy Wizard)           Turns: 2195, Time: 00:04:22

Health: 0/25       AC:  6    Str: 10    XL:     3   Next: 94%
Magic:  3/9        EV:  8    Int: 18    God:
Gold:   57         SH:  0    Dex: 10    Spells: 9/12 levels left

rFire    x . .     SeeInvis .   (no weapon)
rCold    + . .     Gourm    .   (no shield)
rNeg     + + +     Faith    .   f - +0 scale mail
rPois    ∞         Spirit   .   g - +0 hat
rElec    .         Reflect  .   (no cloak)
rCorr    .         Harm     .   (no gloves)
MR       .....                  (no boots)
Stlth    ..........             (no amulet)
Regen    0.1/turn               (no ring)
MPRegen  0.2/turn               (no ring)

@: very slightly contaminated
A: no food or potions, fire vulnerability, cold resistance 1, negative energy
resistance 3, torment resistance, unbreathing
a: no special abilities


You were on level 2 of the Dungeon.
You were not hungry.

You visited 1 branch of the dungeon, and saw 3 of its levels.

You collected 57 gold pieces.

Inventory:

Armour
 a - a +0 robe
 b - a +0 hat
 e - a +0 ring mail
 f - a +0 scale mail (worn)
 g - a +0 hat (worn)
Scrolls
 d - a scroll of remove curse {unknown}
Books
 c - a book of Minor Magic

   Spells                             Type                      Level
   a - Magic Dart                     Conjuration                  1
   b - Blink                          Translocation                2
   c - Call Imp                       Summoning                    2
   d - Slow                           Hexes                        2
   e - Conjure Flame                  Conjuration/Fire             3
   f - Mephitic Cloud                 Conjuration/Poison/Air       3


   Skills:
 + Level 0.4 Fighting
 + Level 0.2 Armour
 + Level 2.0 Dodging
 + Level 1.9 Stealth
 + Level 0.2 Unarmed Combat
 + Level 5.1 Spellcasting
 + Level 1.0 Conjurations
   Level 0.7 Summonings
 - Level 0.7 Translocations


You had 9 spell levels left.
You knew the following spells:

 Your Spells              Type           Power        Failure   Level  Hunger
a - Magic Dart            Conj           #...         52%         1    N/A
b - Blink                 Tloc           N/A          71%         2    N/A

Dungeon Overview and Level Annotations

Branches:
Dungeon (3/15)

Altars:


Innate Abilities, Weirdness & Mutations

You do not eat or drink.
Your flesh is vulnerable to fire.
You are immune to poison.
Your flesh is cold resistant. (rC+)
You are immune to negative energy. (rN+++)
You are immune to unholy pain and torment.
You can survive without breathing.


Message History

Aim: an adder The magic dart hits the adder.
The adder is lightly wounded.
The adder barely misses you.
Casting: Magic Dart
Confirm with . or Enter, or press ? or * to list all spells.
Aiming: Magic Dart
Press: ? - help, Shift-Dir - straight line, f/p - adder
Aim: an adder (lightly wounded)
You miscast Magic Dart.
Your skin glows momentarily.
The adder bites you but does no damage. The adder misses you.
The hobgoblin barely misses you.
Casting: Magic Dart
Confirm with . or Enter, or press ? or * to list all spells.
Aiming: Magic Dart
Press: ? - help, Shift-Dir - straight line, f - hobgoblin, p - adder
Aim: a hobgoblin, wielding a club You miscast Magic Dart.
Nothing appears to happen.
The hobgoblin closely misses you. The adder bites you.
You die...

#.##......########## ..# .
#.######......##...##########.#..
#.# #.>.......................
#.# #......##.#............#..
#.# ###.#######J###########.## .
#.# #...†...# #.# .... #.#
#.......# #g# #......
#.####.......# #S# ..#####
#)..##.......# #@# ...
###.##.......# #g# ....
###.#....(..## #.# ....'.......#
#.# ###.#.......# #.# #
#.######### #.# # #.# #.# # #.#
#.# # #.############.##


You could see an ooze, an adder and 2 hobgoblins.

Vanquished Creatures
  4 adders
  An ooze (D:2)
  A worm (D:2)
  2 orcs (D:3)
  3 bats
  A giant cockroach (D:1)
  A goblin (D:3)
  A hobgoblin (D:3)
  3 jackals (D:3)
  2 quokkas
  A frilled lizard (D:3)
  A kobold (D:2)
  A rat (D:1)
22 creatures vanquished.

Notes
Turn   | Place    | Note
-------+----------+-------------------------------------------
     0 | D:1      | equalderp2856 the Mummy Wizard began the quest for the Orb.
     0 | D:1      | Reached XP level 1. HP: 13/13 MP: 5/5
   396 | D:2      | Reached XP level 2. HP: 12/19 MP: 0/7
   786 | D:2      | Learned a level 2 spell: Blink
   806 | D:2      | Reached skill level 1 in Conjurations
   806 | D:2      | Reached XP level 3. HP: 4/24 MP: 0/9
  1588 | D:3      | Reached skill level 5 in Spellcasting
  2195 | D:2      | Slain by an adder

Skill      XL: |  1  2  3 |
---------------+----------+-----
Conjurations   | 1 |  1.0
Dodging        | 2 |  2.0
Spellcasting   | 5 |  5.1
Fighting       | |  0.4
Armour         | |  0.2
Stealth        | |  1.9
Unarmed Combat | |  0.2
Summonings     | |  0.7
Translocations | |  0.7

Action                   || total
-------------------------++-------
Melee: Unarmed           ||    50
 Cast: Magic Dart        ||    75
       Blink             ||     2
Armor: Robe              ||    23
       Scale mail        ||    59
       Ring mail         ||     3
Dodge: Dodged            ||   122
